 Seeded DCSS version 0.28-a0-1374-ga75cb3825e (webtiles) character file.

Game seed: 20211231 (custom seed)

54 a11behringer the Shield-Bearer (level 4, 35/35 HPs)
             Began as a Formicid Fighter on Dec 31, 2021.
             Got out of the dungeon alive.
             The game lasted 00:03:53 (1103 turns).

a11behringer the Shield-Bearer (Formicid Fighter)   Turns: 1103, Time: 00:03:53

Health: 35/35      AC:  6    Str: 20    XL:     4   Next: 12%
Magic:  4/4        EV:  9    Int:  8    God:
Gold:   68         SH:  5    Dex: 12    Spells: 3/3 levels left

rFire   . . .      SeeInvis +   a - +0 long sword
rCold   . . .      Faith    .   c - +0 buckler
rNeg    . . .      Spirit   .   b - +0 scale mail
rPois   .          Reflect  .   (helmet unavailable)
rElec   .          Harm     .   (no cloak)
rCorr   .          Rampage  .   (no gloves)
Will    .....                   (no boots)
Stlth   ..........              (no amulet)
HPRegen 0.11/turn               (no ring)
MPRegen 0.09/turn               (no ring)

@: no status effects
A: permanent stasis, dig shafts and tunnels, antennae 3, four strong arms
a: Dig, Shaft Self


You escaped.
You visited 1 branch of the dungeon, and saw 3 of its levels.

You collected 68 gold pieces.

Inventory:

Hand Weapons
 a - a +0 long sword (weapon)
Missiles
 l - 4 curare-tipped darts
Armour
 b - a +0 scale mail (worn)
 c - a +0 buckler (worn)
Scrolls
 g - 2 scrolls of teleportation {unknown}
 j - a scroll of torment {unknown}
Potions
 d - a potion of might
 e - a potion of lignification {unknown}
 f - a potion of mutation {unknown}
 h - a potion of curing {unknown}
 i - 3 potions of invisibility {unknown}
 k - a potion of attraction {unknown}


   Skills:
 + Level 3.5 Fighting
 * Level 3.3 Long Blades
 + Level 3.5 Armour
 + Level 0.1 Dodging
 + Level 4.0 Shields


You had 3 spell levels left.
You didn't know any spells.
Your spell library contained the following spells:

 Spells                   Type           Power      Damage    Failure   Level
 Gell's Gravitas          Tloc           0%         N/A       98%         3
 Teleport Other           Tloc           0%         N/A       98%         3
 Dispersal                Tloc           0%         N/A       100%        6


Dungeon Overview and Level Annotations

Branches:
Dungeon (3/15)

Altars:


Innate Abilities, Weirdness & Mutations

You cannot be hasted, slowed, berserked, paralysed or teleported.
You can dig through walls and to a lower floor.
You have a pair of large antennae on your head. (SInv)
Your four strong arms can wield two-handed weapons with a shield.


Message History

You kill the adder!
You have reached level 4!
You feel clever.
No target in view!
An endoplasm comes into view.
The endoplasm quivers.
An endoplasm is nearby!
The endoplasm freezes you.
You are frozen.
You hit the endoplasm.
The endoplasm is severely wounded.
The endoplasm freezes you.
You are frozen.
Your scale mail prevents you from hitting the endoplasm.
The endoplasm is severely wounded.
The endoplasm hits you but does no damage.
You slash the endoplasm!
You kill the endoplasm!
No target in view!
You sense a monster nearby.
A goblin comes into view. It is wielding a +0 dagger.
The goblin shouts!
A goblin is nearby!
You closely miss the goblin.
The goblin hits you but does no damage. x2
You slash the goblin!
You kill the goblin!
No target in view!
You see here a +0 dagger.
Found 14 gold pieces.
You now have 68 gold pieces (gained 14).
You see here a +0 dagger.
There is a stone staircase leading up here.
You climb upwards.
There is a stone staircase leading down here.
There is a stone staircase leading up here.
You climb upwards.
There is a stone staircase leading down here.
There is a staircase leading out of the dungeon here.
Are you sure you want to leave the Dungeon?
This will make you lose the game!
You have escaped!

##################
#.....#.....##...##
..................##
......>.........8..##
....................##
.....................######
................8.........##
................@..........##
.............8.§§§.8........#
...............§§§..........#
......#.....##≈≈≈≈≈##.......#
.......#######≈≈§≈§##.......#
.#####..######≈≈§≈≈##.......#
## ##.....#########†.....##
########....# ####.......#
.......†.#### #..........#


There were no monsters in sight!

Vanquished Creatures
  3 adders
  A worm (D:3)
  A dart slug (D:1)
  2 bats (D:1)
  2 endoplasms (D:3)
  A hobgoblin (D:1)
  3 jackals (D:1)
  3 kobolds
  3 ball pythons
  3 frilled lizards
  A goblin (D:3)
  2 rats (D:1)
25 creatures vanquished.

Notes
Turn   | Place    | Note
-------+----------+-------------------------------------------
     0 | D:1      | a11behringer the Formicid Fighter began the quest for the
                  | Orb.
     0 | D:1      | Reached XP level 1. HP: 18/18 MP: 1/1
    79 | D:1      | Reached XP level 2. HP: 24/24 MP: 2/2
   534 | D:2      | Reached skill level 4 in Shields
   534 | D:2      | Reached XP level 3. HP: 12/29 MP: 3/3
   861 | D:3      | Reached XP level 4. HP: 35/35 MP: 4/4
  1103 | D:$      | Got out of the dungeon alive.

Illustrated notes

Levels and vault maps discovered:
D:1:      grunt_arrival_lava_bath, layout_rooms
D:2:      layout_loops_ring, shapermc_ecumenical_altar_mp_urbaneastern,
          solitary_fountain
D:3:      layout_basic, minivault_23, st_stairs_11, uniq_robin

Skill      XL: |  1  2  3 |
---------------+----------+-----
Shields        | 4 |  4.0
Long Blades    | 3 |  3.3
Fighting       | |  3.5
Armour         | |  3.5
Dodging        | |  0.1

Action                   |  1- 3 |  4- 6 || total
-------------------------+-------+-------++-------
Melee: Long sword        |    65 |     5 ||    70
 Abil: Dig               |     1 |       ||     1
Armor: Scale mail        |    24 |     3 ||    27
Dodge: Dodged            |    35 |       ||    35
Block: Buckler           |    17 |       ||    17

Table legend: (Time is in decaauts)
 A = Elapsed time spent in this place.
 B = Non-inter-level travel time spent in this place.
 C = Inter-level travel time spent in this place.
 D = Time resting spent in this place.
 E = Time spent auto-exploring this place.
 F = Levels seen in this place.
 G = Mean time per level.
                   A        B        C        D        E       F      G
               +--------+--------+--------+--------+--------+-----+--------+
         Total |   1122 |    918 |    204 |      0 |    734 |   3 |  374.0 |
       Dungeon |   1122 |    918 |    204 |      0 |    734 |   3 |  374.0 |
               +--------+--------+--------+--------+--------+-----+--------+

Top non-repeatable levels by time:
     D:1: 548 daAuts
     D:3: 313 daAuts
     D:2: 260 daAuts
